 Dungeon Crawl Stone Soup version 0.31-a0-154-g56bf346678 (webtiles) character file.

Game seed: 8749935543720085193

4 quinnr the Grave Robber (level 1, -1/9 HPs)
             Began as a Vine Stalker Necromancer on June 11, 2023.
             Slain by a quokka (4 damage)
             ... on level 1 of the Dungeon.
             The game lasted 00:00:38 (150 turns).

quinnr the Grave Robber (Vine Stalker Necromancer)   Turns: 150, Time: 00:00:39

Health: -1/9       AC:  2    Str: 10    XL:     1   Next: 70%
Magic:  0/4        EV: 12    Int: 15    God:
Gold:   0          SH:  0    Dex: 14    Spells: 3/4 levels left

rFire   . . .        (no weapon)
rCold   . . .        (no shield)
rNeg    . . .        a - +0 robe
rPois   .            (no helmet)
rElec   .            (no cloak)
rCorr   .            (no gloves)
SInv    .            (no boots)
Will    .....        (no amulet)
Stlth   ++           (no ring)
HPRegen 0.21/turn    (no ring)
MPRegen 0.09/turn

%: guardian spirit
@: no status effects
A: fangs 2, magic shield, antimagic bite, no potion heal 2
a: no special abilities


You were on level 1 of the Dungeon.
You visited 1 branch of the dungeon, and saw 1 of its levels.


Innate Abilities, Weirdness & Mutations

You have extremely sharp teeth.
When hurt, damage is shared between your health and your magic reserves.
Your bite disrupts and absorbs the magic of your enemies.
Potions cannot restore your health.


   Skills:
 - Level 1.5 Dodging
 - Level 2.4 Stealth
 - Level 2.1 Spellcasting
 + Level 4.2 Necromancy


You had 3 spell levels left.
You knew the following spells:

 Your Spells              Type           Power      Damage    Failure   Level
X - Necrotise             Necr           56%        1d6       3%          1

Your spell library contained the following spells:

 Spells                   Type           Power      Damage    Failure   Level
 Vampiric Draining        Necr           14%        2d7       12%         3
 Animate Dead             Necr           14%        N/A       36%         4
 Agony                    Necr           14%        N/A       71%         5

Inventory:

Missiles
 d - 4 poisoned darts
Armour
 a - a +0 robe (worn)
Scrolls
 c - a scroll of teleportation {unknown}
Potions
 b - a potion of magic
 e - a potion of brilliance {unknown}

Dungeon Overview and Level Annotations

Branches:
Dungeon (1/15)

Altars:

##.##.# #.#..
......#####.#.#
#..........#.#
#.##.##.#.###.#.#
#.........###...##
##.##.....###..###
#.##.##### ##...##
#....# ###..##
#.@### ##...
#...(br.# ####
#.#...Z...# #
#.......#
#.......#
........#
##.......#
#...)...#


You could see a quokka (ally target), a bat and a friendly rat skeleton.


Message History

Found a stone staircase leading down.
A bat comes into view.
A bat is nearby!
A bat is nearby!
The bat writhes in agony.
The bat hits you but does no damage. The bat misses you.
The bat writhes in agony.
The bat closely misses you. The bat hits you.
The bat writhes in agony.
You kill the bat!
The dead are flying!
HP restored.
Found 3 atropa-tipped darts.
Your bat skeleton crumbles into dust!
A bat comes into view.
A bat is nearby!
You can't see any susceptible monsters within range! (Use Z to cast anyway.)
A rat and a quokka come into view.
Found a runed whip.
The rat barely resists.
The rat closely misses you.
The rat writhes in agony.
The rat bites you.
The rat writhes in agony.
You kill the rat!
The dead are walking!
The quokka barely resists.
The quokka bites you.
You are out of magic!
You hit the quokka but do no damage. Your bite misses the quokka.
The bat hits you but does no damage. The quokka bites you.
* * * LOW HITPOINT WARNING * * *
The bat closely misses you. The quokka bites you.
You die...

Action                     || total
---------------------------++-------
  Melee: Unarmed           ||     1
   Cast: Necrotise         ||    11
 Armour: Robe              ||     2
  Dodge: Dodged            ||     4

Levels and vault maps discovered:
D:1:      minmay_arrival_solitary_statue, layout_basic

Notes
Turn   | Place    | Note
-------+----------+-------------------------------------------
     0 | D:1      | quinnr the Vine Stalker Necromancer began the quest for the
                  | Orb.
     0 | D:1      | Reached XP level 1. HP: 9/9 MP: 4/4
   150 | D:1      | Slain by a quokka

Vanquished Creatures
  A bat (D:1)
  A giant cockroach (D:1)
  A ball python (D:1)
  2 rats (D:1)
5 creatures vanquished.

Table legend: (Time is in decaauts)
 A = Elapsed time spent in this place.
 B = Non-inter-level travel time spent in this place.
 C = Inter-level travel time spent in this place.
 D = Time resting spent in this place.
 E = Time spent auto-exploring this place.
 F = Levels seen in this place.
 G = Mean time per level.
                   A        B        C        D        E       F      G
               +--------+--------+--------+--------+--------+-----+--------+
         Total |    150 |    150 |      0 |      0 |     94 |   1 |  150.0 |
       Dungeon |    150 |    150 |      0 |      0 |     94 |   1 |  150.0 |
               +--------+--------+--------+--------+--------+-----+--------+

Top non-repeatable levels by time:
     D:1: 150 daAuts

Table legend:
 A = Non-vault XP
 B = Vault XP
 C = Vault XP percentage of total XP
 D = Non-vault monster count
 E = Vault monster count
 F = Vault count percentage of total count
                 A         B        C        D         E       F
            +---------+---------+-------+---------+---------+-------
      Total |       7 |       0 |   0.0 |       5 |       0 |   0.0
            +---------+---------+-------+---------+---------+-------
        D:1 |       7 |       0 |   0.0 |       5 |       0 |   0.0
            +---------+---------+-------+---------+---------+-------

Levels and vault maps discovered:
D:1:      minmay_arrival_solitary_statue, layout_basic
